 Dungeon Crawl Stone Soup version 0.29.1-14-g9c671dbff4 (webtiles) character file.

Game seed: 11937853949116878542

9537 MacCMillion the Grappler (level 11, -4/111 HPs)
             Began as a Troll Fighter on Feb 20, 2023.
             Was a Priest of Wu Jian.
             Slain by a manticore (8 damage)
             ... on level 13 of the Dungeon.
             The game lasted 00:15:25 (10963 turns).

MacCMillion the Grappler (Troll Fighter)           Turns: 10963, Time: 00:15:26

Health: -4/111     AC:  8    Str: 26    XL:     11   Next: 24%
Magic:  0/10       EV:  9    Int:  8    God:    Wu Jian [***...]
Gold:   745        SH:  9    Dex:  9    Spells: 10/10 levels left

rFire   . . .      SeeInvis .     - Unarmed
rCold   . . .      Faith    .   b - +0 kite shield
rNeg    . . .      Spirit   +   a - +0 robe
rPois   +          Reflect  .   (helmet restricted)
rElec   .          Harm     .   (no cloak)
rCorr   .          Rampage  .   (gloves unavailable)
Will    .....                   (boots unavailable)
Stlth   +.........              G - amulet of guardian spirit
HPRegen 1.08/turn               I - +4 ring of protection
MPRegen 0.12/turn               A - ring of poison resistance

@: spiked
A: large, unfitting armour, claws 3, regeneration 1, shaggy fur 1, tough skin 1
a: Renounce Religion, Wall Jump, Serpent's Lash


You were on level 13 of the Dungeon.
You worshipped Wu Jian.
Wu Jian was most pleased with you.
You visited 2 branches of the dungeon, and saw 13 of its levels.
You also visited: Ossuary.

You collected 745 gold pieces.

Inventory:

Missiles
 r - 6 javelins (quivered)
 s - 5 poisoned darts
 x - 6 throwing nets
 H - 6 atropa-tipped darts
Armour
 a - a +0 robe (worn)
 b - a +0 kite shield (worn)
Jewellery
 l - a ring of protection from cold
 n - a +6 ring of intelligence
 z - the amulet of Dithmenos's Vengeance {Acrobat Int+7}
   (You found it on level 6 of the Dungeon)

   [amulet of the acrobat]

   It increases your evasion while moving and waiting.
   Int:       It affects your intelligence (+7).
 A - a ring of poison resistance (right claw)
 G - an amulet of guardian spirit (around neck)
 I - a +4 ring of protection (left claw)
Wands
 y - a wand of iceblast (6)
 K - a wand of flame (37)
 N - a wand of charming (4)
 O - a wand of digging (3)
Scrolls
 d - a scroll of immolation
 i - 2 scrolls of magic mapping
 j - 3 scrolls of enchant weapon
 m - a scroll of fog {unknown}
 o - 3 scrolls of noise
 B - 5 scrolls of teleportation
 C - a scroll of acquirement {unknown}
 F - a scroll of fear
 J - 2 scrolls of summoning {unknown}
Potions
 c - a potion of might
 e - 3 potions of brilliance
 f - a potion of magic {unknown}
 g - 4 potions of lignification
 h - 2 potions of ambrosia
 k - 3 potions of mutation
 p - 4 potions of attraction
 q - 4 potions of curing
 t - a potion of cancellation {unknown}
 u - 2 potions of berserk rage
 v - 2 potions of flight {unknown}
 w - 3 potions of haste
 D - a potion of degeneration {unknown}
 E - 2 potions of heal wounds {unknown}
Miscellaneous
 L - a condenser vane (inert)


   Skills:
 + Level 7.9 Fighting
 - Level 2.4 Dodging
 + Level 8.6 Shields
 * Level 12.7 Unarmed Combat


You had 10 spell levels left.
You didn't know any spells.
Your spell library contained the following spells:

 Spells                   Type           Power      Damage    Failure   Level
 Apportation              Tloc           0%         N/A       63%         1
 Foxfire                  Conj/Fire      0%         2x1d4     63%         1
 Necrotise                Necr           0%         1d4       63%         1
 Sting                    Tmut/Pois      0%         1d3       63%         1
 Summon Small Mammal      Summ           0%         N/A       63%         1
 Poisonous Vapours        Pois/Air       0%         N/A       77%         2
 Conjure Flame            Conj/Fire      0%         6-21      94%         3
 Dazzling Flash           Conj/Hex       0%         N/A       94%         3
 Inner Flame              Hex/Fire       0%         N/A       94%         3
 Flame Wave               Conj/Fire      0%         2d4       100%        4
 Olgreb's Toxic Radiance  Pois           0%         N/A       100%        4
 Agony                    Necr           0%         N/A       100%        5
 Silence                  Hex/Air        0%         N/A       100%        5


Dungeon Overview and Level Annotations

Branches:
Dungeon (11/15)            Temple (1/1) D:6             Orc (0/2) D:10
Ossuary (visited)
   Lair: D:8-11

Altars:
Cheibriados
Dithmenos
Elyvilon
Fedhas
Hepliaklqana
Kikubaaqudgha
Makhleb
Nemelex Xobeh
Okawaru
Qazlal
Ru
Vehumet
Wu Jian
Xom
Zin
The Shining One

Shops:
D:3 (*   D:4 =   D:8 *


Innate Abilities, Weirdness & Mutations

You are too large for most types of armour.
You have claws for hands.
Your natural rate of healing is unusually fast.
You are covered in fur. (AC +1)
You have tough skin. (AC +1)


Message History

The barbed spikes become lodged in your body.
The barbs in your skin will harm you if you move.
Continue?
Found a quarterstaff.
The barbed spikes dig painfully into your body as you move.
The manticore flicks its tail.
The volley of spikes hits you!!
The barbed spikes become lodged in your body.
The barbed spikes dig painfully into your body as you move.
The manticore flicks its tail.
The volley of spikes hits you but does no damage.
The barbed spikes dig painfully into your body as you move.
You barely miss the manticore. The manticore bites you!
The manticore claws you.
The manticore claws you but does no damage.
You mangle the manticore!!
The manticore is heavily wounded.
The manticore bites you! The manticore barely misses you.
The manticore claws you.
You scratch the manticore.
The manticore is severely wounded.
The manticore misses you.
The manticore claws you but does no damage. x2
You claw the manticore!
The manticore is almost dead.
The manticore bites you!
* * * LOW HITPOINT WARNING * * *
The manticore claws you.
* * * LOW HITPOINT WARNING * * *
The manticore closely misses you.
You barely miss the manticore.
The manticore is almost dead.
The manticore bites you!
* * * LOW HITPOINT WARNING * * *
You block the manticore's attack. The manticore claws you!
* * * LOW HITPOINT WARNING * * *
You barely miss the manticore.
The manticore is almost dead.
The manticore bites you but does no damage.
The manticore claws you!
You die...

*,,,,,,,,,,,,,,,,,...,,,,,,,,,,,
*,,,,,,,,,,,,*****#..,,,,,,,,,,,
*,,,,,******** #.#***********
*,,,,,* #.# * **,,,,,* #.##### *
*****,,* #######.....########
*,,,*,,**#####......$............
*,,,*,,,,..).....................
*,,,*,,,,......H@...######.......
+,∩,*,,,,...........# #.......
*,,,*,,,,...........######.......
*,,,*,,,,..........†.............
*,,,*,,,,...######..######.......
*****,,,,..,* #..# #.......
,,,,,****#*** #..# #.######
,,,,>* #..# #.# * ,,,,,* #..# #.#
*


You could see a manticore.

Vanquished Creatures
  2 two-headed ogres
  A merfolk (D:9)
  A troll (D:13)
  Prince Ribbit (D:5)
  A dream sheep (shapeshifter) (D:13)
  A shadow (D:10)
  2 wraiths
  14 yaks
  A steam dragon (D:8)
  4 vampire mosquitoes (D:10)
  Duvessa (D:7)
  An acid dragon (D:10)
  2 water moccasins
  2 orc warriors
  An ice beast (D:7)
  A sky beast (D:7)
  A black bear (D:4)
  2 ogres
  A wolf (D:8)
  2 centaurs
  A phantom (D:6)
  5 gnoll sergeants
  3 bullfrogs
  2 necrophages
  2 scorpions (D:5)
  4 wights (D:7)
  Dowan (D:7)
  9 killer bees (D:10)
  5 howler monkeys
  A crimson imp (D:7)
  9 orc priests
  3 jellies
  4 gnoll boudas
  4 hounds
  5 iguanas
  7 orc wizards
  9 mummies
  28 gnolls
  10 adders
  2 shadow imps (D:8)
  An ufetubus (D:5)
  A worm (D:2)
  5 dart slugs
  46 orcs
  5 ball pythons
  8 endoplasms
  3 giant cockroaches
  4 gnoll zombies (Ossuary)
  9 goblins
  6 hobgoblins
  8 jackals
  6 kobolds
  5 quokkas
  6 bats
  A hobgoblin zombie (Ossuary)
  2 kobold zombies (Ossuary)
  An orc zombie (Ossuary)
  4 rats
277 creatures vanquished.

Vanquished Creatures (others)
  3 gnolls (D:8)
3 creatures vanquished.

Grand Total: 280 creatures vanquished

Notes
Turn   | Place    | Note
-------+----------+-------------------------------------------
     0 | D:1      | MacCMillion the Troll Fighter began the quest for the Orb.
     0 | D:1      | Reached XP level 1. HP: 22/22 MP: 0/0
   115 | D:1      | Found a faded altar of an unknown god.
   231 | D:1      | Reached XP level 2. HP: 27/29 MP: 1/1
   569 | D:1      | Reached XP level 3. HP: 36/36 MP: 2/2
  1038 | D:2      | Reached skill level 3 in Unarmed Combat
  1322 | D:2      | Reached XP level 4. HP: 44/44 MP: 3/3
  1710 | D:3      | Found a sparkling altar of Nemelex Xobeh.
  1767 | D:3      | HP: 1/45 [gnoll/+0 club (7)]
  1974 | D:3      | Found Zin's Purification Station.
  1976 | D:3      | Noticed an ogre
  1983 | D:3      | Killed an ogre
  1984 | D:3      | Reached skill level 4 in Unarmed Combat
  1984 | D:3      | Reached XP level 5. HP: 51/53 MP: 4/4
  1991 | D:3      | Found a glowing silver altar of Zin.
  2244 | D:3      | Found Ecvef's Weapon Shop.
  2401 | D:3      | Found a faded altar of an unknown god.
  2405 | D:3      | Found a hazy altar of Hepliaklqana.
  2525 | D:3      | Reached XP level 6. HP: 61/61 MP: 5/5
  2846 | D:4      | Reached skill level 5 in Unarmed Combat
  3354 | D:4      | Found Nuaz's Jewellery Boutique.
  4025 | D:5      | Entered Level 5 of the Dungeon
  4062 | D:5      | Noticed a water moccasin
  4080 | D:5      | Killed a water moccasin
  4081 | D:5      | Reached XP level 7. HP: 42/70 MP: 6/6
  4129 | D:5      | Reached skill level 6 in Unarmed Combat
  4317 | D:5      | Found an ancient bone altar of Kikubaaqudgha.
  4450 | D:5      | Noticed Prince Ribbit
  4597 | D:5      | Killed Prince Ribbit
  4598 | D:5      | Reached skill level 5 in Shields
  4598 | D:5      | Reached skill level 7 in Unarmed Combat
  4598 | D:5      | Reached XP level 8. HP: 43/79 MP: 7/7
  5103 | D:6      | Reached skill level 5 in Fighting
  5164 | D:6      | Identified the amulet of Dithmenos's Vengeance {Acrobat
                  | Int+7}
  5255 | D:6      | Reached skill level 8 in Unarmed Combat
  5271 | D:6      | Identified the +7 quarterstaff "Jouhel" {vorpal, *Slow rC+
                  | rCorr Dex+5}
  5277 | D:6      | Found a staircase to the Ecumenical Temple.
  5297 | Temple   | Entered the Ecumenical Temple
  5303 | Temple   | Became a worshipper of the Wu Jian Council
  5818 | D:7      | Noticed Duvessa
  5818 | D:7      | Noticed Dowan
  5826 | D:7      | Killed Duvessa
  5832 | D:7      | Killed Dowan
  5845 | D:7      | Reached XP level 9. HP: 54/88 MP: 8/8
  6419 | D:7      | Reached skill level 9 in Unarmed Combat
  6563 | D:7      | Reached * piety under Wu Jian
  6601 | D:7      | Found a burning altar of Makhleb.
  7014 | D:8      | Found a sacrificial altar of Ru.
  7132 | D:8      | Found Comoopte's Assorted Antiques.
  7175 | D:8      | Found a sand-covered staircase.
  7186 | Ossuary  | Entered an ossuary
  7965 | D:8      | Reached skill level 10 in Unarmed Combat
  8005 | D:8      | Reached ** piety under Wu Jian
  8031 | D:8      | Reached XP level 10. HP: 83/100 MP: 9/9
  8049 | D:8      | Found the +6 shillelagh "Devastator" {shatter}
  8812 | D:9      | Found a shimmering altar of Xom.
  9007 | D:9      | Noticed a two-headed ogre
  9015 | D:9      | Killed a two-headed ogre
  9016 | D:9      | Reached skill level 11 in Unarmed Combat
  9587 | D:10     | Entered Level 10 of the Dungeon
  9840 | D:10     | Noticed a two-headed ogre
  9846 | D:10     | Killed a two-headed ogre
  9847 | D:10     | Reached skill level 12 in Unarmed Combat
  9990 | D:10     | Reached *** piety under Wu Jian
 10039 | D:10     | Found a radiant altar of Vehumet.
 10072 | D:10     | Found a staircase to the Orcish Mines.
 10151 | D:10     | Reached XP level 11. HP: 92/109 MP: 8/10
 10912 | D:11     | You fall into a shaft and drop 2 floors!
 10962 | D:13     | HP: 3/111 [manticore (11)]
 10963 | D:13     | Slain by a manticore

Illustrated notes

Levels and vault maps discovered:
D:1:      psy_arrival_whirlpool, layout_loops_corners,
          dreamdust_ecumenical_altar_grove, serial_forest,
          infiniplex_forest_zigzag_1, infiniplex_forest_straight_4,
          infiniplex_forest_split, infiniplex_forest_clump_large,
          infiniplex_forest_straight_3
D:2:      layout_loops_ring, dk_noncrumbling_3
D:3:      layout_basic, nicolae_overflow_crystal_walls, zin_purify,
          nicolae_overflow_ecumenical_swirl, serial_shops,
          nicolae_shop_behind_doors
D:4:      layout_layer_cave, nicolae_wooded_promenade,
          chequers_serial_rivers_small_a
D:5:      layout_rooms, mainiacjoe_overflow_boulevard, uniq_prince_ribbit1
D:6:      layout_layer_cave, minmay_temple_entry_statues_pillars
D:7:      layout_basic, makhleb_grotto_becter, chequers_serial_rivers_large_b,
          uniq_duvessa
D:8:      layout_cave_pods, nicolae_ru_awakened_eye, serial_gnoll_camp,
          gnoll_camp_mini_sergeant, gnoll_camp_huts_basic, gnoll_camp_mini_hut,
          gnoll_camp_mini_loothouse, gnoll_camp_mini_hut, gnoll_camp_mini_shop,
          gup_ossuary_entry_pyramid
D:9:      layout_irregular_city, nicolae_overflow_hidden_temple,
          hangedman_abyss_or_decor_stagger, hangedman_fish_farm
D:10:     layout_basic, lemuel_round_altar, minmay_orc_entry_temple_small
D:11:     layout_cave_pods, grunt_lair_entry_orc_guard_hut,
          nicolae_concentric_dashed_squares_mild
D:13:     layout_small_grid, david_vaults_1, serial_shops, shop,
          kennysheep_mini_moat, kennysheep_mini, kennysheep_little_box,
          nrook_campfire
Temple:   eino_narrow_crystal_temple

Skill      XL: |  1  2  3  4  5  6  7  8  9 10 |
---------------+-------------------------------+-----
Shields        | 3 4 5 6 7 8 |  8.6
Unarmed Combat | 3 4 5 7 8 10 12 | 12.7
Fighting       | 3 4 5 6 7 |  7.9
Dodging        | |  2.4

Action                   |  1- 3 |  4- 6 |  7- 9 | 10-12 || total
-------------------------+-------+-------+-------+-------++-------
Melee: Unarmed           |    89 |   144 |   351 |   257 ||   841
Invok: Lunge             |       |       |    31 |    27 ||    58
       Whirlwind         |       |       |     7 |     7 ||    14
Evoke: Condenser vane    |       |       |       |     1 ||     1
  Use: Scroll            |       |       |     9 |     7 ||    16
Armor: Robe              |    22 |    28 |    45 |    48 ||   143
Dodge: Dodged            |    28 |    44 |   122 |    65 ||   259
Block: Kite shield       |    28 |    50 |   136 |    79 ||   293
